 Dungeon Crawl Stone Soup version 0.31-a0-765-g67fe2935dc (webtiles) character file.

Game seed: 3081430734139548012

39 Fodor the Covered (level 3, 0/33 HPs)
             Began as a Minotaur Fighter on Sept 15, 2023.
             Slain by Terence
             ... wielding a +4 short sword of flaming
              (3 damage)
             ... on level 2 of the Dungeon.
             The game lasted 00:05:30 (928 turns).

Fodor the Covered (Minotaur Fighter)                 Turns: 928, Time: 00:05:31

Health: 0/33       AC:  8    Str: 22    XL:     3   Next: 26%
Magic:  2/2        EV:  9    Int:  5    God:
Gold:   30         SH:  4    Dex:  9    Spells: 2/2 levels left

rFire   . . .        a - +0 long sword
rCold   . . .        c - +0 buckler
rNeg    . . .        b - +0 scale mail
rPois   .            (helmet restricted)
rElec   .            h - +0 cloak
rCorr   .            (no gloves)
SInv    .            (no boots)
Will    .....        (no amulet) Stlth
                     (no ring)
HPRegen 0.25/turn    (no ring)
MPRegen 0.08/turn

%: no passive effects
@: no status effects
A: horns 2, retaliatory headbutt
a: no special abilities


You were on level 2 of the Dungeon.
You visited 1 branch of the dungeon, and saw 2 of its levels.

You collected 30 gold pieces.

Inventory:

Hand Weapons
 a - a +0 long sword (weapon)
Missiles
 j - 6 poisoned darts
Armour
 b - a +0 scale mail (worn)
 c - a +0 buckler (worn)
 h - a +0 cloak (worn)
Scrolls
 f - a scroll of enchant weapon {unknown}
 g - a scroll of teleportation {unknown}
 k - a scroll of enchant armour {unknown}
Potions
 d - 3 potions of might
 e - 4 potions of mutation {unknown}
 i - a potion of heal wounds {unknown}
 l - a potion of attraction {unknown}
 m - a potion of degeneration {unknown}


   Skills:
 + Level 4.0 Fighting
 + Level 2.7 Long Blades
 + Level 4.7 Armour
 + Level 0.2 Dodging
 + Level 3.7 Shields


You had 2 spell levels left.
You didn't know any spells.
Your spell library contained the following spells:

 Spells                   Type           Power      Damage    Failure   Level
 Necrotise                Necr           0%         1d4       86%         1
 Vampiric Draining        Necr           0%         2d6       99%         3
 Agony                    Necr           0%         N/A       100%        5


Dungeon Overview and Level Annotations

Branches:
Dungeon (2/15)

Altars:

Annotations:
D:2 Terence


Innate Abilities, Weirdness & Mutations

You have a pair of horns on your head.
You reflexively headbutt those who attack you in melee.


Message History

The jackal bites you but does no damage. x2
You hit the jackal.
You kill the jackal!
The ball python closely misses you. x2
You hit the ball python.
You kill the ball python!
Items here: †††††.
Items here: †††††.
Found a mace.
A ball python comes into view.
The ball python hisses angrily.
You slash the ball python!
You kill the ball python!
Terence the Incautious comes into view.
He is wielding a +4 short sword of flaming.
Terence shouts!
You barely miss Terence. Your headbutt misses Terence.
You block Terence's attack.
You hit Terence.
Terence is moderately wounded.
Terence hits you with a +4 short sword of flaming!
Terence burns you.
You hit Terence but do no damage.
Terence is moderately wounded.
Terence hits you with a +4 short sword of flaming.
Terence burns you.
You hit Terence but do no damage.
Terence is moderately wounded.
Terence hits you but does no damage.
Terence hits you with a +4 short sword of flaming!
Terence burns you.
* * * LOW HITPOINT WARNING * * *
You hit Terence.
Terence is heavily wounded.
You block Terence's attack.
You barely miss Terence.
Terence is heavily wounded.
Terence hits you with a +4 short sword of flaming!
* * * LOW HITPOINT WARNING * * *
Terence burns you.
You die...

##+##
#....#####
#.#### #.#
#.# #.# #.#
#.#
#########.#
......@@..#
###########


You could see Terence.

Vanquished Creatures
  A dart slug (D:1)
  2 endoplasms (D:1)
  A giant cockroach (D:1)
  A goblin (D:1)
  4 hobgoblins (D:1)
  15 jackals
  2 ball pythons (D:2)
  A bat (D:1)
  2 kobolds (D:1)
  A rat (D:1)
30 creatures vanquished.

Notes
Turn   | Place    | Note
-------+----------+-------------------------------------------
     0 | D:1      | Fodor the Minotaur Fighter began the quest for the Orb.
     0 | D:1      | Reached XP level 1. HP: 19/19 MP: 0/0
   217 | D:1      | Reached XP level 2. HP: 26/26 MP: 1/1
   653 | D:1      | Found a faded altar of an unknown god.
   878 | D:2      | Reached XP level 3. HP: 30/33 MP: 2/2
   919 | D:2      | Noticed Terence
   928 | D:2      | Slain by Terence

Illustrated notes

Levels and vault maps discovered:
D:1:      erik_arrival_triangle_large, layout_loops_cross,
          shapermc_ecumenical_altar_gd
D:2:      layout_loops_corners, nicolae_the_louvre, uniq_terence

Skill      XL: |  1  2  3 |
---------------+----------+-----
Armour         | 4 |  4.7
Fighting       | 4 |  4.0
Long Blades    | |  2.7
Dodging        | |  0.2
Shields        | |  3.7

Action                     || total
---------------------------++-------
  Melee: Long sword        ||    95
         Headbutt          ||    12
 Armour: Scale mail        ||    90
  Dodge: Dodged            ||    59
  Block: Buckler           ||    16

Table legend: (Time is in decaauts)
 A = Elapsed time spent in this place.
 B = Non-inter-level travel time spent in this place.
 C = Inter-level travel time spent in this place.
 D = Time resting spent in this place.
 E = Time spent auto-exploring this place.
 F = Levels seen in this place.
 G = Mean time per level.
                   A        B        C        D        E       F      G
               +--------+--------+--------+--------+--------+-----+--------+
         Total |    955 |    955 |      0 |     21 |      0 |   2 |  477.5 |
       Dungeon |    955 |    955 |      0 |     21 |      0 |   2 |  477.5 |
               +--------+--------+--------+--------+--------+-----+--------+

Top non-repeatable levels by time:
     D:1: 845 daAuts
     D:2: 110 daAuts
